 Dungeon Crawl Stone Soup version 0.31-a0-344-gd109795599 (webtiles) character file.

Game seed: 9420037531686749528

2639 garrulousMonolith the Cleaver (level 9, 0/80 HPs)
             Began as a Hill Orc Monk on July 21, 2023.
             Was a Believer of Beogh.
             Slain by a gnoll sergeant
             ... wielding a +1 spear of pain
              (2 damage)
             ... on level 7 of the Dungeon.
             The game lasted 00:07:26 (6596 turns).

garrulousMonolith the Cleaver (Hill Orc Monk)       Turns: 6596, Time: 00:07:27

Health: 0/80       AC: 13    Str: 18    XL:     9   Next: 61%
Magic:  0/14       EV: 10    Int: 10    God:    Beogh [**....]
Gold:   317        SH:  0    Dex: 13    Spells: 8/8 levels left

rFire   . . .        j - +0 broad axe (chaos)
rCold   + . .        d - orb {light}
rNeg    . . .        r - +2 scale mail {rC+}
rPois   .            n - +0 helmet
rElec   .            y - +0 cloak
rCorr   .            i - +0 pair of gloves
SInv    .            (no boots)
Will    .....        m - amulet of guardian spirit Stlth
                     (no ring)
HPRegen 0.33/turn    (no ring)
MPRegen 0.14/turn

%: guardian spirit
@: glowing
A: no striking features
a: Renounce Religion, Smiting


You were on level 7 of the Dungeon.
You worshipped Beogh.
Beogh was pleased with you.
You visited 2 branches of the dungeon, and saw 8 of its levels.

You collected 365 gold pieces.
You spent 48 gold pieces at shops.

Inventory:

Hand Weapons
 b - a +2 dagger of venom
 j - a +0 broad axe of chaos (weapon)
 s - a +0 trident
 A - a +2 heavy trident
Missiles
 u - 4 poisoned darts
Armour
 d - an orb of light (worn)
 i - a +0 pair of gloves (worn)
 n - a +0 helmet (worn)
 r - a +2 scale mail of cold resistance (worn)
 y - a +0 cloak (worn)
Jewellery
 m - an amulet of guardian spirit (around neck)
Wands
 c - a wand of flame (30)
 x - a wand of polymorph (7)
 B - a wand of mindburst (10)
Scrolls
 a - a scroll of blinking
 e - 2 scrolls of identify
 f - 3 scrolls of fog
 h - a scroll of poison
 t - a scroll of revelation
Potions
 g - a potion of might
 k - 2 potions of enlightenment
 l - a potion of magic
 p - a potion of attraction
 q - a potion of ambrosia
 v - 2 potions of cancellation
 w - a potion of invisibility {unknown}
 z - a potion of brilliance


   Skills:
 + Level 7.7 Fighting
 * Level 11.3 Axes
 + Level 6.0 Armour
 - Level 2.4 Dodging
 + Level 7.2 Invocations


You had 8 spell levels left.
You didn't know any spells.
Your spell library contained the following spells:

 Spells                   Type           Power      Damage    Failure   Level
 Ensorcelled Hibernation  Hex/Ice        0%         N/A       86%         2
 Passwall                 Tmut/Erth      0%         N/A       86%         2
 Poisonous Vapours        Pois/Air       0%         N/A       86%         2
 Wereblood                Tmut           0%         N/A       86%         2
 Mephitic Cloud           Conj/Pois/Air  0%         N/A       97%         3
 Swiftness                Air            0%         N/A       97%         3
 Freezing Cloud           Conj/Ice/Air   0%         6-21      100%        5
 Irradiate                Conj/Tmut      0%         3d11      100%        5


Dungeon Overview and Level Annotations

Branches:
Dungeon (7/15)             Temple (1/1) D:5

Altars:
Ashenzari
Cheibriados
Dithmenos
Fedhas
Gozag
Hepliaklqana
Kikubaaqudgha
Makhleb
Nemelex Xobeh
Okawaru
Qazlal
Sif Muna
Uskayaw
Wu Jian
Xom
Yredelemnul
The Shining One

Shops:
D:2 (   D:6 **

Annotations:
D:4 1 runed translucent door, Shard1697's ghost, amateur DrSh


Message History

You barely miss the gnoll sergeant. You hit the gnoll but do no damage.
The gnoll sergeant hits you but does no damage.
The gnoll hits you with a +0 halberd.
You hit the gnoll sergeant. You freeze the gnoll sergeant.
The gnoll sergeant is moderately wounded.
You barely miss the gnoll.
The gnoll sergeant hits you with a +1 spear of pain.
* * * LOW HITPOINT WARNING * * *
The gnoll barely misses you.
Your ice beast zombie hits the gnoll.
You hit the gnoll sergeant.
The gnoll sergeant seems to speed up.
The gnoll sergeant is heavily wounded.
You slash the gnoll! You burn the gnoll.
The gnoll sergeant hits you with a +1 spear of pain.
* * * LOW HITPOINT WARNING * * *
You writhe in agony.
* * * LOW HITPOINT WARNING * * *
The gnoll barely misses you.
The gnoll sergeant hits you with a +1 spear of pain.
* * * LOW HITPOINT WARNING * * *
You writhe in agony.
* * * LOW HITPOINT WARNING * * *
Your ice beast zombie hits the gnoll.
You feel better.
The gnoll sergeant hits you with a +1 spear of pain.
* * * LOW HITPOINT WARNING * * *
The gnoll hits you with a +0 halberd.
* * * LOW HITPOINT WARNING * * *
Your ice beast zombie closely misses the gnoll.
The gnoll sergeant hits you with a +1 spear of pain.
* * * LOW HITPOINT WARNING * * *
You don't have enough magic at the moment.
You slash the gnoll sergeant!
The gnoll sergeant is almost dead.
You hit the gnoll. You burn the gnoll.
You kill the gnoll!
Beogh accepts your kill.
The gnoll sergeant hits you with a +1 spear of pain!
* * * LOW HITPOINT WARNING * * *
You writhe in agony.
You die...

##....... ##........
##..........##........
#...........##........
##...........##........
#.............##.......
#............. #..#....
#### #............
#.......
#..###<..)g.......
#.......
##..###.)Z@......#
#.......
###..#...).....##
##...... ###..#########
##....... ##(..##
#........ ###..###
#........ ###..###
##.......)
#####...###.........
##.....[.............
#......(.#..#........


You could see a gnoll sergeant (fast, ally target) and a friendly ice beast
zombie.

Vanquished Creatures
  Pikel (D:4)
  Grinder (D:3)
  A water moccasin (D:5)
  3 ice beasts (D:7)
  4 black bears
  An ogre (D:5)
  A lemure (D:4)
  A phantom (D:4)
  A bullfrog (D:7)
  A gnoll sergeant (D:7)
  4 scorpions
  3 wights (D:7)
  2 hounds (D:5)
  2 orc priests
  Crazy Yiuf (D:3)
  5 iguanas
  Jessica (D:3)
  Terence (D:3)
  2 orc wizards (D:7)
  4 gnolls (D:7)
  7 adders
  2 white imps
  2 worms
  5 dart slugs
  10 orcs
  5 ball pythons
  6 endoplasms
  3 giant cockroaches
  8 goblins
  7 hobgoblins
  4 quokkas
  6 bats
  7 frilled lizards
  6 kobolds
  7 rats
  A butterfly (D:3)
126 creatures vanquished.

Vanquished Creatures (others)
  2 orcs (D:6)
2 creatures vanquished.

Grand Total: 128 creatures vanquished

Notes
Turn   | Place    | Note
-------+----------+-------------------------------------------
     0 | D:1      | garrulousMonolith the Hill Orc Monk began the quest for the
                  | Orb.
     0 | D:1      | Reached XP level 1. HP: 19/19 MP: 1/1
   334 | D:1      | Reached XP level 2. HP: 27/27 MP: 2/2
   544 | D:1      | Reached skill level 1 in Invocations
   784 | D:1      | Reached skill level 1 in Armour
   904 | D:2      | Reached XP level 3. HP: 32/33 MP: 3/3
  1020 | D:2      | Found Qiemadaq's Weapon Emporium.
  1060 | D:2      | Bought a +0 broad axe for 48 gold pieces
  1122 | D:2      | Reached skill level 5 in Axes
  1465 | D:2      | Reached XP level 4. HP: 40/40 MP: 5/5
  1711 | D:3      | Noticed Grinder
  1714 | D:3      | Paralysed by Grinder for 5 turns
  1994 | D:3      | Noticed Terence
  2001 | D:3      | Killed Terence
  2092 | D:3      | Noticed Jessica
  2096 | D:3      | Killed Jessica
  2097 | D:3      | Reached XP level 5. HP: 45/47 MP: 6/6
  2169 | D:3      | Found a runed translucent door.
  2170 | D:3      | Noticed Crazy Yiuf
  2315 | D:3      | Paralysed by Grinder for 4 turns
  2325 | D:3      | Killed Grinder
  2326 | D:3      | Reached skill level 5 in Fighting
  2326 | D:3      | Reached skill level 6 in Axes
  2326 | D:3      | Reached XP level 6. HP: 21/56 MP: 6/8
  2704 | D:3      | Killed Crazy Yiuf
  2833 | D:4      | Found an ornate altar of the Wu Jian Council.
  2965 | D:4      | Found a runed translucent door.
  2965 | D:4      | Noticed Shard1697's ghost (amateur DrSh)
  2984 | D:4      | Reached skill level 7 in Axes
  3066 | D:4      | Noticed Pikel
  3111 | D:4      | Killed Pikel
  3112 | D:4      | Reached skill level 8 in Axes
  3112 | D:4      | Reached XP level 7. HP: 20/62 MP: 8/10
  3112 | D:4      | Reached XP level 8. HP: 23/70 MP: 8/11
  3117 | D:4      | Reached skill level 5 in Invocations
  3672 | D:5      | Entered Level 5 of the Dungeon
  3769 | D:5      | Found a staircase to the Ecumenical Temple.
  3787 | D:5      | Reached skill level 9 in Axes
  3790 | Temple   | Entered the Ecumenical Temple
  4223 | D:5      | Reached skill level 5 in Armour
  4392 | D:5      | Found a shimmering blue altar of Sif Muna.
  4392 | D:5      | Found a shadowy altar of Dithmenos.
  4915 | D:6      | Found Vodip's Specific Store.
  4919 | D:6      | Found Quutawnu's General Store.
  4935 | D:6      | Became a worshipper of Beogh the Brigand
  4935 | D:6      | Reached * piety under Beogh
  4935 | D:6      | Reached ** piety under Beogh
  4941 | D:6      | Reached skill level 10 in Axes
  5131 | D:6      | Reached XP level 9. HP: 68/79 MP: 13/13
  6399 | D:7      | Reached skill level 11 in Axes
  6596 | D:7      | HP: 2/80 [gnoll sergeant/+1 spear of pain (10)]
  6596 | D:7      | Slain by a gnoll sergeant

Illustrated notes

Levels and vault maps discovered:
D:1:      scummos_arrival_gate, layout_loops_corners,
          minmay_misc_feat_four_crosses
D:2:      layout_loops_ring, serial_shops, nicolae_diamond_shop
D:3:      layout_loops_ring, hangedman_glass_garden,
          chequers_serial_rivers_small_b, minmay_lizard_king, uniq_grinder,
          uniq_jessica, uniq_crazy_yiuf_cottage, uniq_terence
D:4:      layout_basic, nzn_wu_jian_council_hall,
          hellmonk_ghost_happy_afterlife, kennysheep_generic_room_12, uniq_pikel
D:5:      layout_loops_ring, grunt_temple_overflow_open,
          minmay_temple_entry_antechambers, minmay_misc_feat_enclosed
D:6:      layout_rooms, serial_corexii_hall, chequers_hall_statues_y,
          corexii_hall_statues_i, nicolae_specific_store
D:7:      layout_cave_pods, nicolae_grassy_gnolls
Temple:   nicolae_temple_bog_church

Skill      XL: |  1  2  3  4  5  6  7  8  9 |
---------------+----------------------------+-----
Invocations    | 1 2 3 4 6 7 |  7.2
Armour         | 1 2 4 5 6 |  6.0
Fighting       | 4 5 7 |  7.7
Axes           | 5 6 8 10 11 | 11.3
Dodging        | |  2.4

Action                     |  1- 3 |  4- 6 |  7- 9 || total
---------------------------+-------+-------+-------++-------
  Melee: Hand axe          |    61 |       |       ||    61
         Broad axe         |    20 |    83 |   129 ||   232
         Dagger            |       |    24 |       ||    24
 Invoke: Convert to Beogh  |       |       |     1 ||     1
    Use: Scroll            |     2 |       |    15 ||    17
         Potion            |       |     5 |     1 ||     6
 Armour: Robe              |     3 |       |       ||     3
         Ring mail         |    17 |    13 |       ||    30
         Scale mail        |       |    36 |    70 ||   106
  Dodge: Dodged            |    52 |    65 |    87 ||   204

Table legend: (Time is in decaauts)
 A = Elapsed time spent in this place.
 B = Non-inter-level travel time spent in this place.
 C = Inter-level travel time spent in this place.
 D = Time resting spent in this place.
 E = Time spent auto-exploring this place.
 F = Levels seen in this place.
 G = Mean time per level.
                   A        B        C        D        E       F      G
               +--------+--------+--------+--------+--------+-----+--------+
         Total |   6645 |   6279 |    366 |    908 |   4405 |   8 |  830.6 |
       Dungeon |   6553 |   6197 |    356 |    904 |   4338 |   7 |  936.1 |
        Temple |     92 |     82 |     10 |      4 |     67 |   1 |   92.0 |
               +--------+--------+--------+--------+--------+-----+--------+

Top non-repeatable levels by time:
     D:5: 1117 daAuts
     D:2: 955 daAuts
     D:3: 938 daAuts
     D:4: 925 daAuts
     D:7: 914 daAuts
     D:1: 888 daAuts
     D:6: 813 daAuts
  Temple: 92 daAuts
